 Dungeon Crawl Stone Soup version 0.18.1-48-g4cf74bf (webtiles) character file.

32 tyrion the Chiller (level 3, -2/26 HPs)
             Began as a Ghoul Ice Elementalist on Aug 9, 2016.
             Killed from afar by a dart slug (3 damage)
             ... with a slug dart
             ... on level 1 of the Dungeon.
             The game lasted 00:02:56 (639 turns).

tyrion the Chiller (Ghoul Ice Elementalist)          Turns: 639, Time: 00:02:57

Health: -2/26      AC:  2    Str: 11    XL:     3   Next: 25%
Magic:  4/4        EV: 12    Int: 11    God:
Gold:   33         SH:  0    Dex:  9    Spells: 2 memorised, 1 level left

rFire  . . .     SeeInvis .       - Unarmed
rCold  + . .     Gourm    .     a - +0 robe
rNeg   + + +     Faith    .     (no shield)
rPois  ∞         Spirit   .     (no helmet)
rElec  .         Dismiss  .     (no cloak)
rCorr  .         Reflect  .     (no gloves)
SustAt .         Harm     .     (no boots)
MR     .....                    (no amulet)
Stlth  ++........               (no ring)
                                (no ring)

@: rotting, not resistant to hostile enchantments, unstealthy
A: rotting body, claws 1, carnivore 3, cold resistance 1, negative energy
resistance 3, slow regeneration 1, torment resistance, unbreathing
a: no special abilities


You were on level 1 of the Dungeon.
You were not hungry.

You visited 1 branch of the dungeon, and saw 1 of its levels.

You collected 33 gold pieces.

Inventory:

Armour
 a - a +0 robe (worn)
Scrolls
 c - a scroll of amnesia {unknown}
 g - a scroll of identify {unknown}
 h - a scroll of noise {unknown}
Potions
 d - 2 potions of resistance {unknown}
 e - a potion of heal wounds {unknown}
 f - a potion of flight {unknown}
Books
 b - a book of Frost

   Spells                             Type                      Level
   a - Freeze                         Ice                          1
   b - Throw Frost                    Conjuration/Ice              2
   c - Ozocubu's Armour               Charms/Ice                   3
   d - Throw Icicle                   Conjuration/Ice              4
   e - Summon Ice Beast               Ice/Summoning                4


   Skills:
 + Level 0.2 Fighting
 + Level 2.0 Dodging
 - Level 2.1 Stealth
 * Level 1.4 Unarmed Combat
 + Level 1.9 Spellcasting
   Level 0.7 Conjurations
 * Level 0.1 Charms
 * Level 3.9 Ice Magic


You had one spell level left.
You knew the following spells:

 Your Spells              Type           Power        Failure   Level  Hunger
a - Freeze                Ice            #...         10%         1    ##.....
b - Ozocubu's Armour      Chrm/Ice       #.......     38%         3    ####...


Dungeon Overview and Level Annotations

Branches:
Dungeon (1/15)

Altars:


Innate Abilities, Weirdness & Mutations

Your body is rotting away.
You thrive on raw meat.
You are immune to poison.
You have sharp fingernails.
You are carnivorous and can eat meat at any time.
Your flesh is cold resistant.
You are immune to negative energy.
You regenerate slowly when monsters are visible.
You are immune to unholy pain and torment.
You can survive without breathing.


Message History

The kobold hits you with a whip.
* * * LOW HITPOINT WARNING * * *
You are too injured to fight recklessly!
You are too injured to fight recklessly!
You closely miss the kobold.
The kobold is severely wounded.
The kobold misses you.
You closely miss the kobold.
The kobold is severely wounded.
The kobold hits you with a whip.
* * * LOW HITPOINT WARNING * * *
You barely miss the kobold.
The kobold is severely wounded.
The kobold hits you with a whip.
* * * LOW HITPOINT WARNING * * *
You scratch the kobold.
You kill the kobold!
The dart slug launches a dart at you. The slug dart hits you!
You die...

.................# #..#
.................########.#######
.................'...............
(....(...........###........)....
...........w.....'...............
......(...K.Kg...###.............
...#############.................
...# #......#w###.............
#### #......#@# #.............
#......#.# #.............
#(.....#.###............. ####
#......+................. ≈≈≈#
#......#................. .≈≈##
#......#####............. ....#
#........................ ....#
#........................
..(.#####........................


You could see a dart slug.

Vanquished Creatures
  A dart slug (D:1)
  A giant gecko (D:1)
  A ball python (D:1)
  A bat (D:1)
  2 giant cockroaches (D:1)
  4 goblins (D:1)
  3 hobgoblins (D:1)
  2 jackals (D:1)
  4 kobolds (D:1)
  A giant newt (D:1)
  6 rats (D:1)
26 creatures vanquished.

Notes
Turn   | Place    | Note
--------------------------------------------------------------
     0 | D:1      | tyrion the Ghoul Ice Elementalist began the quest for the Orb.
     0 | D:1      | Reached XP level 1. HP: 14/14 MP: 2/2
   108 | D:1      | Reached XP level 2. HP: 9/20 MP: 3/3
   198 | D:1      | Reached skill level 1 in Unarmed Combat
   363 | D:1      | Reached XP level 3. HP: 20/26 MP: 4/4
   497 | D:1      | Learned a level 3 spell: Ozocubu's Armour
   637 | D:1      | HP: 1/26 [kobold/whip (5)]
   639 | D:1      | Killed from afar by a dart slug

Skill      XL: |  1  2 |
---------------+-------+-----
Unarmed Combat | 1 |  1.4
Dodging        | 2 |  2.0
Fighting       | |  0.2
Stealth        | |  2.1
Spellcasting   | |  1.9
Conjurations   | |  0.7
Charms         | |  0.1
Ice Magic      | |  3.9

Action                   || total
-------------------------++-------
Melee: Unarmed           ||    99
 Cast: Freeze            ||     2
 Stab: Sleeping          ||     1
  Eat: Meat ration       ||     1
       Chunk             ||    14
Armor: Robe              ||    30
Dodge: Dodged            ||    62
